 Dungeon Crawl Stone Soup version 0.31-a0-920-g28cbb04a8c (webtiles) character file.

Game seed: 12548741172527081741

53575 croobank the Nimble (level 14, -1/113 HPs)
             Began as a Gnoll Monk on Oct 17, 2023.
             Was the Champion of the Shining One (penitent).
             Killed by divine providence
             ... invoked by Saint Roka
              (13 damage)
             ... on level 2 of the Orcish Mines.
             The game lasted 01:24:13 (19753 turns).

croobank the Nimble (Gnoll Monk)                   Turns: 19753, Time: 01:24:14

Health: -1/113     AC: 13    Str: 15    XL:     14   Next: 69%
Magic:  23/27      EV: 18    Int: 14    God:    the Shining One [******]
Gold:   1140       SH: 14    Dex: 16    Spells: 12/32 levels left

rFire   + + .        y - +0 broad axe
rCold   . . .        P - +3 kite shield
rNeg    + + +        U - +0 acid dragon scales
rPois   .            d - +1 helmet of Spaghetti {Str+5 SInv}
rElec   .            m - +0 cloak
rCorr   +            M - +0 pair of gloves
SInv    +            (no boots)
Will    +....        w - amulet of regeneration
Stlth   ++++         i - ring of protection from fire
HPRegen 1.18/turn    k - ring of protection from fire
MPRegen 0.20/turn

%: no passive effects
@: very slightly contaminated, studying 2 skills
A: fangs 2, strong nose, distributed training, talons 1
a: Renounce Religion


You were on level 2 of the Orcish Mines.
You worshipped the Shining One.
The Shining One was demanding penance.
You visited 3 branches of the dungeon, and saw 19 of its levels.
You also visited: Bailey.

You collected 1680 gold pieces.
You spent 540 gold pieces at shops.

Inventory:

Hand Weapons
 a - a +5 short sword of venom
 y - a +0 broad axe (weapon)
 A - a +4 scimitar of flaming
 F - a +2 short sword of flaming
 J - a +4 scimitar
 K - the +2 rapier "Vepliv Uxku" {freeze, Str+4}
   (You found it on level 3 of the Lair of Beasts)

   Str+4:     It affects your strength (+4).
 Q - a +2 trident of protection
 V - the +6 mace of Honesty {flame, *Noise rF+++ Int-3 Stlth+}
   (You found it on level 12 of the Dungeon)

   Int-3:     It affects your intelligence (-3).
   rF+++:     It renders you almost immune to fire.
   *Noise:    It may make a loud noise when swung.
   Stlth+:    It makes you more stealthy.
Missiles
 O - 2 curare-tipped darts (quivered)
Armour
 b - a +1 robe
 d - the +1 helmet of Spaghetti (worn) {Str+5 SInv}
   (You found it on level 5 of the Dungeon)

   Str+5:     It affects your strength (+5).
   SInv:      It lets you see invisible.
 j - a +3 scale mail of cold resistance
 m - a +0 cloak (worn)
 M - a +0 pair of gloves (worn)
 P - a +3 kite shield (worn)
 U - +0 acid dragon scales (worn)
Magical Staves
 s - a staff of fire
Jewellery
 i - a ring of protection from fire (left hand)
 k - a ring of protection from fire (right hand)
 o - a +4 ring of protection
 r - a +6 ring of dexterity
 t - a ring of flight
 w - an amulet of regeneration (around neck)
 G - a ring of willpower
 T - a ring of magical power
 Y - a ring of willpower
Talismans
 z - a granite talisman
Wands
 q - a wand of flame (47)
 x - a wand of charming (14)
 E - a wand of iceblast (2)
 R - a wand of digging (7)
 W - a wand of quicksilver (2)
Scrolls
 e - a scroll of silence
 g - 4 scrolls of blinking
 p - 2 scrolls of fog
 C - 7 scrolls of teleportation
 D - 3 scrolls of immolation
 I - 2 scrolls of fear
 N - 7 scrolls of identify
 S - 3 scrolls of poison
 X - 2 scrolls of amnesia
 Z - 2 scrolls of revelation
Potions
 c - 2 potions of ambrosia
 f - 7 potions of attraction
 h - 3 potions of mutation
 l - 4 potions of brilliance
 n - 2 potions of magic
 u - 2 potions of lignification
 v - a potion of cancellation
 H - a potion of curing


   Skills:
 + Level 11.6 Fighting
 + Level 11.6 Short Blades
 + Level 9.6 Long Blades
 + Level 12.8 Axes
 + Level 9.6 Maces & Flails
 + Level 9.6 Polearms
 + Level 9.6 Staves
 + Level 9.6 Ranged Weapons
 + Level 9.6 Throwing
 + Level 9.6 Armour
 + Level 14.8 Dodging
 + Level 9.6 Stealth
 + Level 9.6 Shields
 + Level 9.6 Unarmed Combat
 + Level 9.6 Spellcasting
 + Level 8.0 Conjurations
 + Level 8.0 Hexes
 + Level 8.0 Summonings
 + Level 8.0 Necromancy
 + Level 8.0 Translocations
 + Level 8.0 Transmutations
 + Level 8.0 Fire Magic
 + Level 8.0 Ice Magic
 + Level 8.0 Air Magic
 + Level 8.0 Earth Magic
 + Level 8.0 Poison Magic
 + Level 10.5 Invocations
 + Level 9.6 Evocations
 + Level 8.8 Shapeshifting


You had 12 spell levels left.
You knew the following spells:

 Your Spells              Type           Power      Damage    Failure   Level
a - Summon Small Mammal   Summ           100%       N/A       1%          1
b - Blink                 Tloc           58%        N/A       1%          2
c - Call Canine Familiar  Summ           29%        N/A       3%          3
d - Summon Guardian Gole  Hex/Summ       29%        N/A       3%          3
e - Mephitic Cloud        Conj/Pois/Air  29%        N/A       3%          3
f - Tukima's Dance        Hex            29%        N/A       3%          3
g - Summon Mana Viper     Hex/Summ       29%        N/A       32%         5

Your spell library contained the following spells:

 Spells                   Type           Power      Damage    Failure   Level
 Magic Dart               Conj           100%       1d8       1%          1
 Sandblast                Erth           58%        2d13      1%          1
 Call Imp                 Summ           58%        N/A       1%          2
 Lesser Beckoning         Tloc           58%        N/A       1%          2
 Momentum Strike          Conj/Tloc      58%        3d9       1%          2
 Passwall                 Tmut/Erth      24%        N/A       1%          2
 Poisonous Vapours        Pois/Air       58%        N/A       1%          2
 Gell's Gravitas          Tloc           29%        N/A       3%          3
 Stone Arrow              Conj/Erth      58%        3d10      3%          3
 Teleport Other           Tloc           29%        N/A       3%          3
 Brom's Barrelling Bould  Conj/Erth      29%        2d5       12%         4
 Cause Fear               Hex            14%        N/A       12%         4
 Manifold Assault         Tloc           29%        N/A       12%         4
 Passage of Golubria      Tloc           29%        N/A       12%         4
 Fireball                 Conj/Fire      14%        3d8       32%         5
 Freezing Cloud           Conj/Ice/Air   14%        6-21      32%         5
 Summon Forest            Summ/Tloc      14%        N/A       32%         5
 Yara's Violent Unravell  Hex/Tmut       14%        3d7       32%         5
 Dispersal                Tloc           14%        N/A       88%         6
 Summon Cactus Giant      Summ           14%        N/A       88%         6
 Disjunction              Tloc           14%        N/A       100%        8
 Dragon's Call            Summ           14%        N/A       100%        9


Dungeon Overview and Level Annotations

Branches:
Dungeon (12/15)            Temple (0/1) D:6            Lair (5/5) D:9
  Swamp (0/4) Lair:3       Spider (0/4) Lair:3        Slime (0/5) Lair:4
    Orc (2/2) D:10         Bailey (visited)
    Elf: Orc:2

Altars:
Ashenzari
Dithmenos
Kikubaaqudgha
Ru
Sif Muna
Trog
Uskayaw
Vehumet
Wu Jian
Xom
The Shining One
Jiyva

Shops:
D:3 *   D:12 (   Orc:1 *:[!

Portals:
Abyss: Lair:4

Annotations:
D:7 2 transporters, GigaChad's ghost, novice KoFi
Lair:4 2 transporters, Sirjeffry24's ghost, journeyman TeAE
Orc:2 Saint Roka


Innate Abilities, Weirdness & Mutations

You have extremely sharp teeth.
Your uncanny sense of smell can sniff out nearby items.
Your experience applies equally to all skills.
You have sharp toenails.


Message History

Nothing appears to happen.
Your orc warrior jeers loudly.
Okay, then.
As you read the scroll of fear, it crumbles to dust.
You assume a fearsome visage.
The orc priest looks frightened!
Saint Roka looks frightened!
Your cyclops closely misses Saint Roka.
Your orc hits Saint Roka with a +0 flail.
Your orc warrior hits Saint Roka but does no damage.
Your orc warrior's attack snaps Saint Roka out of their fear.
Your orc hits Saint Roka with a +3 flail.
Aiming: Quicksilver Bolt
Press: ? - help, Shift-Dir - straight line, f/p - Saint Roka
Aim: Saint Roka, wielding a +0 war axe and wearing a +3 chain mail of fire resistance (heavily wounded, ally target, 81% to hit)
The bolt of dispelling energy hits Saint Roka!!
Saint Roka is severely wounded.
Your cyclops closely misses Saint Roka.
Your orc warrior hits Saint Roka with a +0 mace!
Aiming: Quicksilver Bolt
Press: ? - help, Shift-Dir - straight line, f/p - Saint Roka
Aim: Saint Roka, wielding a +0 war axe and wearing a +3 chain mail of fire resistance (severely wounded, not watching you, ally target, 81% to hit)
The bolt of dispelling energy hits Saint Roka!
Saint Roka is severely wounded.
Saint Roka calls down the wrath of Beogh upon you.
Beogh smites you!
* * * LOW HITPOINT WARNING * * *
Your cyclops closely misses Saint Roka.
Your orc hits Saint Roka with a +3 flail.
Your orc warrior closely misses Saint Roka.
Throw: 3 darts (curare)
Press: ? - help, Q - select action, (/) - cycle Shift-Dir - straight line, f/p - Saint Roka
Aim: Saint Roka, wielding a +0 war axe and wearing a +3 chain mail of fire resistance (severely wounded, ally target, 73% to hit)
You throw a curare-tipped dart. The curare-tipped dart hits Saint Roka.
Saint Roka is poisoned.
Saint Roka convulses.
Saint Roka seems to slow down.
Saint Roka is severely wounded.
Your orc dissolves into shadows!
Saint Roka invokes the aid of Beogh against you.
Beogh smites you!
You die...
Saint Roka roars, "Praise to Beogh!"

.......##.<....
................
#..............
#...$.........#
.............#
#...........##
#............#
#.@.....#.##
#...)..#...#
##.[oo.....## #
###Co).....#
..##.##))[.....##
.$...........###
.........#....#
....#..##..))##
....... ##.(.#


You could see Saint Roka (very poisoned, slow, ally target), a friendly cyclops
(summoned), a friendly orc warrior (summoned) and a friendly orc (summoned).

Vanquished Creatures
  A fire dragon (Lair:5)
  2 hydras
  Erolcha (D:9)
  A vault guard (Bailey)
  2 boulder beetles
  A catoblepas (Lair:4)
  Erica (D:9)
  2 two-headed ogres
  Amaemon (Lair:2)
  A pharaoh ant (Lair:3)
  An orc knight (Orc:1)
  A manticore (D:11)
  2 orc sorcerers
  A nameless horror (Orc:2)
  3 black mambas
  Maurice (D:9)
  11 elephants
  An orange demon (Lair:2)
  A gargoyle (D:6)
  11 cane toads
  A torpor snail (Lair:2)
  8 rime drakes
  4 komodo dragons
  3 kobold demonologists
  5 trolls
  2 polar bears (Lair:1)
  Prince Ribbit (D:9)
  9 blink frogs
  A jumping spider (Lair:3)
  45 yaks
  4 wyverns
  3 wraiths
  3 shadows
  A vampire (D:12)
  2 humans (Bailey)
  Menkaure (D:7)
  4 steam dragons
  A basilisk (Lair:5)
  2 wargs (Orc:1)
  3 acid dragons
  11 water moccasins
  12 orc warriors
  An ice beast (D:6)
  A swamp drake (Lair:5)
  4 ogres
  4 black bears
  5 centaurs
  5 wolves (Lair:1)
  2 phantoms
  4 kobold brigands
  Blork the orc (D:5)
  12 bullfrogs
  2 gnoll sergeants
  6 scorpions
  10 wights
  4 killer bees
  A howler monkey (D:10)
  An electric eel (Lair:1)
  7 orc priests
  2 hounds
  3 jellies
  A sleepcap (D:5)
  6 iguanas
  13 orc wizards
  3 ogre zombies (D:10)
  12 gnolls
  6 adders
  A shadow imp (D:7)
  A white imp (D:7)
  A worm (D:2)
  2 dart slugs
  50 orcs
  5 bats
  2 endoplasms (D:1)
  2 giant cockroaches (D:3)
  6 goblins
  8 hobgoblins
  5 jackals
  3 quokkas
  4 ball pythons
  2 frilled lizards
  2 gnoll skeletons (D:10)
  18 kobolds
  2 orc skeletons (D:10)
  7 orc zombies (D:10)
  5 rats
414 creatures vanquished.

Vanquished Creatures (collateral kills)
  2 dire elephants (Lair:1)
  A skyshark (Lair:4)
  A swamp dragon (Lair:5)
  An orc knight (Orc:2)
  A slime creature (D:12)
  A wyvern (Lair:1)
  An orc warrior (Orc:2)
  5 bullfrogs
  2 wights (D:8)
  2 killer bees
  An orc priest (D:11)
  A hound (D:7)
  3 orc wizards
  An ogre zombie (D:10)
  A gnoll (Bailey)
  4 orcs
  A gnoll zombie (D:10)
  3 goblins
  A hobgoblin (D:2)
  A ball python (D:2)
  3 bats
  A gnoll skeleton (D:10)
  4 kobolds (D:11)
  An orc skeleton (D:10)
  2 orc zombies (D:10)
45 creatures vanquished.

Vanquished Creatures (others)
  A vault guard (Bailey)
  A two-headed ogre (D:12)
  A tengu warrior (D:12)
  A manticore (D:12)
  A cyclops (D:12)
  An elephant (Lair:4)
  A gargoyle (D:12)
  A cane toad (Lair:1)
  A kobold demonologist (D:11)
  2 trolls
  A blink frog (Bailey)
  2 humans (Bailey)
  A wyvern (Lair:1)
  2 yaks (Lair:1)
  2 acid dragons (D:11)
  2 water moccasins
  3 dancing weapons
  3 orc warriors
  A wolf (Lair:1)
  2 kobold brigands (D:11)
  A gnoll sergeant (D:11)
  6 wights
  18 killer bees
  A hound (D:6)
  Crazy Yiuf (D:7)
  2 orc priests
  4 ogre zombies (D:10)
  2 gnolls
  An orc (D:6)
  A gnoll zombie (D:10)
  2 kobolds (D:11)
  An orc skeleton (D:10)
  7 orc zombies (D:10)
77 creatures vanquished.

Grand Total: 536 creatures vanquished

Notes
Turn   | Place    | Note
-------+----------+-------------------------------------------
     0 | D:1      | croobank the Gnoll Monk began the quest for the Orb.
     0 | D:1      | Reached XP level 1. HP: 23/23 MP: 1/1
    61 | D:1      | Reached XP level 2. HP: 22/29 MP: 2/2
   294 | D:1      | Identified a scroll of acquirement
   294 | D:1      | Acquired a manual of Dodging
   974 | D:2      | Reached XP level 3. HP: 25/35 MP: 3/3
   977 | D:2      | Learned a level 1 spell: Summon Small Mammal
  1373 | D:2      | Reached skill level 1 in Invocations
  1525 | D:2      | Found a faded altar of an unknown god.
  1533 | D:2      | Prayed at the altar of an unknown god.
  1533 | D:2      | Became a worshipper of the Shining One
  1533 | D:2      | Reached * piety under the Shining One
  1533 | D:2      | Reached ** piety under the Shining One
  1826 | D:2      | Found a shimmering altar of Xom.
  1903 | D:2      | Reached skill level 1 in Long Blades
  1903 | D:2      | Reached skill level 1 in Axes
  1903 | D:2      | Reached skill level 1 in Maces & Flails
  1903 | D:2      | Reached skill level 1 in Polearms
  1903 | D:2      | Reached skill level 1 in Staves
  1903 | D:2      | Reached skill level 1 in Ranged Weapons
  1903 | D:2      | Reached skill level 1 in Throwing
  1903 | D:2      | Reached skill level 1 in Armour
  1903 | D:2      | Reached skill level 1 in Stealth
  1903 | D:2      | Reached skill level 1 in Shields
  1903 | D:2      | Reached skill level 1 in Unarmed Combat
  1903 | D:2      | Reached skill level 1 in Spellcasting
  1903 | D:2      | Reached skill level 1 in Evocations
  2070 | D:3      | Reached skill level 1 in Shapeshifting
  2070 | D:3      | Reached XP level 4. HP: 31/41 MP: 1/5
  2080 | D:3      | HP: 2/41 [iguana (12)]
  2093 | D:3      | Reached skill level 1 in Conjurations
  2093 | D:3      | Reached skill level 1 in Hexes
  2093 | D:3      | Reached skill level 1 in Summonings
  2093 | D:3      | Reached skill level 1 in Necromancy
  2093 | D:3      | Reached skill level 1 in Translocations
  2093 | D:3      | Reached skill level 1 in Transmutations
  2093 | D:3      | Reached skill level 1 in Fire Magic
  2093 | D:3      | Reached skill level 1 in Ice Magic
  2093 | D:3      | Reached skill level 1 in Air Magic
  2093 | D:3      | Reached skill level 1 in Earth Magic
  2093 | D:3      | Reached skill level 1 in Poison Magic
  2349 | D:3      | Found an ancient bone altar of Kikubaaqudgha.
  2353 | D:3      | Found a bloodstained altar of Trog.
  2356 | D:3      | Found a radiant altar of Vehumet.
  2357 | D:3      | Found a broken altar of Ashenzari.
  2358 | D:3      | Found a glowing golden altar of the Shining One.
  2455 | D:3      | Found Niuhuc's General Store.
  2465 | D:3      | Bought a scroll of enchant weapon for 75 gold pieces
  2471 | D:3      | Reached *** piety under the Shining One
  2766 | D:4      | Reached XP level 5. HP: 44/47 MP: 3/7
  2837 | D:4      | Learned a level 3 spell: Call Canine Familiar
  3232 | D:4      | Reached skill level 7 in Dodging
  3237 | D:4      | Reached XP level 6. HP: 42/53 MP: 2/8
  3858 | D:5      | Entered Level 5 of the Dungeon
  3968 | D:5      | Noticed a black bear
  3991 | D:5      | Killed a black bear
  3992 | D:5      | Reached XP level 7. HP: 39/60 MP: 10/10
  4099 | D:5      | Noticed Blork the orc
  4111 | D:5      | Killed Blork the orc
  4132 | D:5      | Found a shadowy altar of Dithmenos.
  4477 | D:5      | Identified the +1 helmet of Spaghetti {Str+5 SInv}
  5163 | D:6      | Learned a level 3 spell: Summon Guardian Golem
  5189 | D:6      | Reached XP level 8. HP: 65/67 MP: 7/12
  5400 | D:6      | Reached skill level 8 in Dodging
  5553 | D:6      | Noticed a gargoyle
  5603 | D:6      | The Shining One protects you from harm!
  5605 | D:6      | Killed a gargoyle
  6008 | D:6      | Learned a level 2 spell: Blink
  6199 | D:6      | Found a staircase to the Ecumenical Temple.
  6499 | D:7      | Found a transporter.
  6499 | D:7      | Noticed GigaChad's ghost (novice KoFi)
  6501 | D:7      | Found a transporter.
  6501 | D:7      | Identified the +9 giant club of Causality {freeze, rElec
                  | Will+ SInv}
  6501 | D:7      | Identified the +6 great mace of the Sky {freeze, rN+ Int+5}
  6501 | D:7      | Noticed a two-headed ogre
  6528 | D:7      | Reached XP level 9. HP: 66/73 MP: 14/14
  6564 | D:7      | Noticed Menkaure
  6572 | D:7      | Killed Menkaure
  6579 | D:7      | Learned a level 3 spell: Mephitic Cloud
  6859 | D:7      | Found a runed translucent door.
  6860 | D:7      | Noticed Crazy Yiuf
  7159 | D:7      | Killed Crazy Yiuf
  7160 | D:7      | Reached skill level 9 in Dodging
  7345 | D:8      | Reached skill level 5 in Axes
  7540 | D:8      | Reached skill level 5 in Invocations
  7551 | D:8      | Reached **** piety under the Shining One
  7995 | D:8      | Learned a level 3 spell: Tukima's Dance
  8261 | D:8      | Reached XP level 10. HP: 79/80 MP: 8/17
  8296 | D:8      | Reached skill level 5 in Long Blades
  8296 | D:8      | Reached skill level 5 in Maces & Flails
  8296 | D:8      | Reached skill level 5 in Polearms
  8296 | D:8      | Reached skill level 5 in Staves
  8296 | D:8      | Reached skill level 5 in Ranged Weapons
  8296 | D:8      | Reached skill level 5 in Throwing
  8296 | D:8      | Reached skill level 5 in Armour
  8296 | D:8      | Reached skill level 5 in Stealth
  8296 | D:8      | Reached skill level 5 in Shields
  8296 | D:8      | Reached skill level 5 in Unarmed Combat
  8296 | D:8      | Reached skill level 5 in Spellcasting
  8296 | D:8      | Reached skill level 5 in Evocations
  8865 | D:9      | Noticed Erolcha
  8893 | D:9      | Killed Erolcha
  8894 | D:9      | Reached skill level 10 in Dodging
  8953 | D:9      | Noticed Erica
  8971 | D:9      | Killed Erica
  8977 | D:9      | Noticed Prince Ribbit
  8986 | D:9      | Killed Prince Ribbit
  8987 | D:9      | Reached skill level 5 in Shapeshifting
  9027 | D:9      | Found a flagged portal.
  9046 | Bailey   | Entered a bailey
  9276 | Bailey   | Noticed a vault guard
  9292 | Bailey   | Killed a vault guard
  9293 | Bailey   | Reached XP level 11. HP: 89/89 MP: 0/19
  9303 | Bailey   | Reached skill level 5 in Conjurations
  9303 | Bailey   | Reached skill level 5 in Hexes
  9303 | Bailey   | Reached skill level 5 in Summonings
  9303 | Bailey   | Reached skill level 5 in Necromancy
  9303 | Bailey   | Reached skill level 5 in Translocations
  9303 | Bailey   | Reached skill level 5 in Transmutations
  9303 | Bailey   | Reached skill level 5 in Fire Magic
  9303 | Bailey   | Reached skill level 5 in Ice Magic
  9303 | Bailey   | Reached skill level 5 in Air Magic
  9303 | Bailey   | Reached skill level 5 in Earth Magic
  9303 | Bailey   | Reached skill level 5 in Poison Magic
  9321 | Bailey   | Noticed a vault guard
  9357 | Bailey   | Killed a vault guard
  9358 | Bailey   | Reached skill level 11 in Dodging
  9734 | D:9      | Found a staircase to the Lair.
  9871 | D:9      | Noticed Maurice
  9883 | D:9      | Maurice stole a +0 broad axe
  9890 | D:9      | Killed Maurice
  9903 | D:9      | Found a shimmering blue altar of Sif Muna.
 10551 | D:10     | Entered Level 10 of the Dungeon
 10794 | D:10     | Reached ***** piety under the Shining One
 11333 | D:10     | Found a staircase to the Orcish Mines.
 11386 | D:10     | Reached ****** piety under the Shining One
 12147 | D:11     | Reached XP level 12. HP: 79/97 MP: 4/22
 12353 | D:11     | Reached skill level 12 in Dodging
 12417 | D:11     | Noticed a two-headed ogre
 12438 | D:11     | Killed a two-headed ogre
 13227 | D:12     | Found Gashrai's Weapon Boutique.
 13329 | D:12     | Identified the +6 mace of Honesty {flame, *Noise rF+++
                  | Int-3 Stlth+}
 13546 | D:12     | Noticed a boulder beetle
 13546 | D:12     | Noticed a tengu warrior
 13546 | D:12     | Noticed a two-headed ogre
 13577 | D:12     | Killed a two-headed ogre
 13577 | D:12     | Noticed a two-headed ogre
 13578 | D:12     | Reached skill level 10 in Fighting
 13578 | D:12     | Reached skill level 10 in Short Blades
 13621 | D:12     | Killed a two-headed ogre
 13622 | D:12     | Reached skill level 10 in Axes
 14009 | Lair:1   | Entered Level 1 of the Lair of Beasts
 14513 | Lair:1   | Noticed a dire elephant
 14513 | Lair:1   | Noticed a dire elephant
 14535 | Lair:1   | Found a runed translucent door.
 14583 | Lair:1   | Reached XP level 13. HP: 104/104 MP: 21/25
 14608 | Lair:1   | Reached skill level 13 in Dodging
 14619 | Lair:1   | Killed a dire elephant
 14622 | Lair:1   | Killed a dire elephant
 14948 | Lair:2   | Found a hide-covered altar of Uskayaw.
 14949 | Lair:2   | Found an ornate altar of the Wu Jian Council.
 14952 | Lair:2   | Noticed Amaemon
 14981 | Lair:2   | Killed Amaemon
 15310 | Lair:2   | Found a sacrificial altar of Ru.
 16004 | Lair:3   | Found a hole to the Spider Nest.
 16378 | Lair:3   | Identified the +2 rapier "Vepliv Uxku" {freeze, Str+4}
 16559 | Lair:3   | Reached skill level 14 in Dodging
 16785 | Lair:3   | Reached XP level 14. HP: 77/113 MP: 25/27
 17036 | Lair:3   | Found a staircase to the Swamp.
 17312 | Lair:4   | Found a one-way gate to the infinite horrors of the Abyss.
 17312 | Lair:4   | Noticed Sirjeffry24's ghost (journeyman TeAE)
 17322 | Lair:4   | Found a transporter.
 17346 | Lair:4   | Reached skill level 10 in Invocations
 17513 | Lair:4   | Found a transporter.
 17791 | Lair:4   | Found a staircase to the Slime Pits.
 17792 | Lair:4   | Found a viscous altar of Jiyva.
 18152 | Lair:5   | Entered Level 5 of the Lair of Beasts
 18426 | Lair:5   | HP: 4/113 [fire dragon/blast of flame (14)]
 18909 | Orc:1    | Entered Level 1 of the Orcish Mines
 18909 | Orc:1    | Found Kooc's Armour Emporium.
 18964 | Orc:1    | Found Ciany's Assorted Antiques.
 19109 | Orc:1    | Bought a potion of heal wounds for 130 gold pieces
 19109 | Orc:1    | Bought a scroll of silence for 247 gold pieces
 19191 | Orc:1    | Found Ebeofav's Book Shop.
 19265 | Orc:1    | Found Usoa's Distillery.
 19284 | Orc:1    | Bought a potion of cancellation for 88 gold pieces
 19488 | Orc:1    | Learned a level 5 spell: Summon Mana Viper
 19502 | Orc:2    | Entered Level 2 of the Orcish Mines
 19578 | Orc:2    | Gained mutation: You are vulnerable to cold. (rC-) [a
                  | neqoxec]
 19595 | Orc:1    | Lost mutation: You are vulnerable to cold. (rC-) [potion of
                  | mutation]
 19595 | Orc:1    | Gained mutation: You have sharp toenails. [potion of
                  | mutation]
 19595 | Orc:1    | Gained mutation: You have extremely sharp teeth. [potion of
                  | mutation]
 19716 | Orc:2    | Noticed Saint Roka
 19734 | Orc:2    | Was placed under penance by the Shining One
 19753 | Orc:2    | Killed from afar by Saint Roka

Illustrated notes

Levels and vault maps discovered:
D:1:      dpeg_arrival_simpleton_c, layout_basic, grunt_decor_clamped
D:2:      layout_loops_ring, basic_altar, ebering_ecumenical_altar_mist,
          chequers_decorated_corner
D:3:      layout_rooms, minitemple, serial_shops,
          nicolae_shop_just_a_little_nook
D:4:      layout_cave_pods
D:5:      layout_basic, mainiacjoe_overflow_paths, uniq_blork_the_orc
D:6:      layout_basic, minmay_temple_entry_glass, minivault_24,
          minmay_manual_moon
D:7:      layout_loops_ring, gammafunk_ghost_smash, uniq_crazy_yiuf_cottage,
          uniq_menkaure
D:8:      layout_basic
D:9:      layout_loops_ring, led_sif_pool, enter_bailey_2, uniq_erica,
          uniq_erolcha, uniq_prince_ribbit1, uniq_maurice
D:10:     layout_stronghold, zombieorc2_lemuel
D:11:     layout_grid_maze
D:12:     lemuel_ice_spiral_2, layout_basic, serial_shops, nicolae_shop_stone,
          onia_ninara_dug_in_and_dangerous
Lair:1:   gammafunk_lair_enchanted_lake, layout_cave_shapes,
          infiniplex_staircase_pool
Lair:2:   layout_regular_city, basic_altar, nicolae_lair_grove_arrangements,
          chequers_serial_rivers_micro_b, pdpol_lair_neglected_garden,
          nzn_masters_of_martial_movement, infiniplex_staircase_pool_2,
          lemuel_fruit_fields, lemuel_fruit_fields, uniq_amaemon
Lair:3:   layout_loops_ring, swamp_mist_pool,
          nicolae_spider_entry_lesser_pyramids
Lair:4:   layout_roguey, dpeg_slime_entry_corner,
          gammafunk_ghost_abyssal_escape, lemuel_fruit_fields,
          lemuel_fruit_fields
Lair:5:   guppyfry_lair_end_dragon, layout_loops_ring, hangedman_lair_in_review,
          serial_rivers, chequers_serial_rivers_small_b,
          chequers_serial_rivers_small_b, chequers_serial_rivers_room_a,
          chequers_serial_rivers_micro_c
Orc:1:    layout_caves, serial_shops, shop, shop, shop,
          nicolae_shop_gibbet_a_chance
Orc:2:    grunt_orc_cross, layout_diamond_mine

Skill      XL: |  1  2  3  4  5  6  7  8  9 10 11 12 13 14 |
---------------+-------------------------------------------+-----
Invocations    | 1 2 3 4 5 6 7 8 9 10 | 10.5
Long Blades    | 1 2 3 4 5 7 8 9 |  9.6
Axes           | 1 2 3 5 7 9 10 11 12 | 12.8
Maces & Flails | 1 2 3 4 5 7 8 9 |  9.6
Polearms       | 1 2 3 4 5 7 8 9 |  9.6
Staves         | 1 2 3 4 5 7 8 9 |  9.6
Ranged Weapons | 1 2 3 4 5 7 8 9 |  9.6
Throwing       | 1 2 3 4 5 7 8 9 |  9.6
Armour         | 1 2 3 4 5 7 8 9 |  9.6
Stealth        | 1 2 3 4 5 7 8 9 |  9.6
Shields        | 1 2 3 4 5 7 8 9 |  9.6
Unarmed Combat | 1 2 3 4 5 7 8 9 |  9.6
Spellcasting   | 1 2 3 4 5 7 8 9 |  9.6
Evocations     | 1 2 3 4 5 7 8 9 |  9.6
Shapeshifting  | 1 2 3 4 5 6 7 8 |  8.8
Conjurations   | 1 2 3 4 5 6 7 8 |  8.0
Hexes          | 1 2 3 4 5 6 7 8 |  8.0
Summonings     | 1 2 3 4 5 6 7 8 |  8.0
Necromancy     | 1 2 3 4 5 6 7 8 |  8.0
Translocations | 1 2 3 4 5 6 7 8 |  8.0
Transmutations | 1 2 3 4 5 6 7 8 |  8.0
Fire Magic     | 1 2 3 4 5 6 7 8 |  8.0
Ice Magic      | 1 2 3 4 5 6 7 8 |  8.0
Air Magic      | 1 2 3 4 5 6 7 8 |  8.0
Earth Magic    | 1 2 3 4 5 6 7 8 |  8.0
Poison Magic   | 1 2 3 4 5 6 7 8 |  8.0
Dodging        | 7 8 9 10 11 12 14 | 14.8
Fighting       | 7 8 9 10 11 | 11.6
Short Blades   | 7 8 9 10 11 | 11.6

Action                     |  1- 3 |  4- 6 |  7- 9 | 10-12 | 13-15 || total
---------------------------+-------+-------+-------+-------+-------++-------
  Melee: Short sword       |   114 |   100 |   255 |   707 |   979 ||  2155
         Bite              |    13 |    13 |    50 |   145 |   256 ||   477
         Punch             |       |       |    10 |    23 |       ||    33
         Broad axe         |       |       |       |       |   135 ||   135
         Kick              |       |       |       |       |    10 ||    10
  Throw: Dart              |       |       |       |       |     1 ||     1
   Cast: Summon Small Mamm |    25 |    30 |     7 |    46 |     1 ||   109
         Call Canine Famil |       |       |    18 |    54 |     6 ||    78
         Summon Guardian G |       |       |     9 |    54 |     4 ||    67
         Blink             |       |       |     1 |     2 |     1 ||     4
         Tukima's Dance    |       |       |     1 |     2 |     1 ||     4
         Mephitic Cloud    |       |       |       |     1 |       ||     1
 Invoke: Divine Shield     |       |     1 |     3 |     1 |     4 ||     9
         Summon Divine War |       |       |       |       |     2 ||     2
  Evoke: Wand              |       |       |     3 |    10 |     8 ||    21
    Use: Scroll            |     7 |     7 |     7 |     8 |     9 ||    38
         Potion            |       |     5 |     6 |     2 |     5 ||    18
 Armour: Robe              |    41 |    52 |    99 |    90 |       ||   282
         Troll leather arm |       |       |       |    57 |       ||    57
         Acid dragon scale |       |       |       |    75 |   318 ||   393
  Dodge: Dodged            |   107 |    70 |   187 |   385 |   540 ||  1289
  Block: Orb               |       |     4 |       |       |       ||     4
         Other             |       |       |    11 |       |       ||    11
         Buckler           |       |       |       |    34 |       ||    34
         Kite shield       |       |       |       |   182 |   773 ||   955
         Form:             |       |       |       |     1 |       ||     1
         Statue            |       |       |       |     1 |       ||     1

Table legend: (Time is in decaauts)
 A = Elapsed time spent in this place.
 B = Non-inter-level travel time spent in this place.
 C = Inter-level travel time spent in this place.
 D = Time resting spent in this place.
 E = Time spent auto-exploring this place.
 F = Levels seen in this place.
 G = Mean time per level.
                   A        B        C        D        E       F      G
               +--------+--------+--------+--------+--------+-----+--------+
         Total |  19098 |  18458 |    640 |   1595 |  12228 |  20 |  954.9 |
       Dungeon |  13195 |  12846 |    349 |   1018 |   9108 |  12 | 1099.6 |
          Lair |   4543 |   4270 |    273 |    320 |   2570 |   5 |  908.6 |
  Orcish Mines |    853 |    836 |     17 |     31 |    490 |   2 |  426.5 |
        Bailey |    506 |    506 |      0 |    226 |     60 |   1 |  506.0 |
               +--------+--------+--------+--------+--------+-----+--------+

Top non-repeatable levels by time:
     D:8: 1538 daAuts
     D:5: 1439 daAuts
    D:10: 1405 daAuts
     D:9: 1185 daAuts
     D:6: 1152 daAuts
     D:4: 1086 daAuts
    D:11: 1085 daAuts
  Lair:3: 1068 daAuts
     D:2: 1037 daAuts
  Lair:2: 986 daAuts
  Lair:1: 949 daAuts
     D:1: 940 daAuts
  Lair:4: 925 daAuts
    D:12: 860 daAuts
   Orc:1: 737 daAuts
